 Dungeon Crawl Stone Soup version 0.30-a0-953-g5f1da4a474 (webtiles) character file.

Game seed: 5433615113812097548

10764 jasper the Thaumaturge (level 11, -2/60 HPs)
             Began as a Deep Elf Cinder Acolyte on Mar 28, 2023.
             Was a Follower of Ignis.
             Slain by a vampire (6 damage)
             ... on level 10 of the Dungeon.
             The game lasted 00:19:08 (11813 turns).

jasper the Thaumaturge (Deep Elf Cinder Acolyte)   Turns: 11813, Time: 00:19:09

Health: -2/60      AC:  9    Str: 11    XL:     11   Next: 40%
Magic:  4/30       EV: 13    Int: 30    God:    Ignis [*.....]
Gold:   459        SH:  5    Dex: 16    Spells: 10/37 levels left

rFire   + . .      SeeInvis .    (no weapon)
rCold   . . .      Faith    .    (no shield)
rNeg    . . .      Spirit   .    z - +0 steam dragon scales
rPois   .          Reflect  +    k - +0 helmet
rElec   .          Rampage  .    l - +1 cloak
rCorr   .                        F - +0 pair of gloves
Will    +....                    (no boots)
Stlth   +                        t - amulet of reflection
HPRegen 0.30/turn                c - +6 ring of dexterity
MPRegen 0.22/turn                r - +6 ring of intelligence

@: no status effects
A: no striking features
a: Renounce Religion, Fiery Armour, Foxfire Swarm


You were on level 10 of the Dungeon.
You worshipped Ignis.
Ignis was aware of your devotion.
You visited 1 branch of the dungeon, and saw 10 of its levels.

You collected 525 gold pieces.
You spent 66 gold pieces at shops.

Inventory:

Hand Weapons
 a - a -1 spear of flaming
 d - a +2 short sword of speed
 h - a +3 dagger of electrocution
 j - a +0 club
Missiles
 f - 19 poisoned darts
Armour
 b - a +0 robe
 k - a +0 helmet (worn)
 l - a +1 cloak (worn)
 z - +0 steam dragon scales (worn)
 F - a +0 pair of gloves (worn)
 H - a +0 kite shield
Jewellery
 c - a +6 ring of dexterity (left hand)
 r - a +6 ring of intelligence (right hand)
 t - an amulet of reflection (around neck)
 C - a ring of ice
 I - an amulet of guardian spirit
Wands
 x - a wand of charming (7)
 E - a wand of iceblast (16)
Scrolls
 e - a scroll of enchant armour
 o - 5 scrolls of poison
 v - 4 scrolls of magic mapping
 y - 4 scrolls of amnesia
 A - 3 scrolls of teleportation
Potions
 i - 3 potions of curing
 m - a potion of flight
 n - 2 potions of brilliance
 p - 2 potions of mutation
 q - 2 potions of resistance
 s - a potion of attraction {unknown}
 u - a potion of haste
 w - a potion of degeneration {unknown}
 B - a potion of might {unknown}
 D - 2 potions of berserk rage {unknown}


   Skills:
 - Level 3.3 Fighting
 - Level 2.1 Polearms
 - Level 3.1 Dodging
 + Level 13.8 Spellcasting
 + Level 10.8 Conjurations
 - Level 2.0 Hexes
 + Level 11.3 Fire Magic


You had 10 spell levels left.
You knew the following spells:

 Your Spells              Type           Power      Damage    Failure   Level
a - Scorch                Fire           100%       2d10      1%          2
b - Fireball              Conj/Fire      36%        3d15      1%          5
c - Mephitic Cloud        Conj/Pois/Air  42%        N/A       1%          3
d - Orb of Destruction    Conj           36%        9d11      22%         7
e - Tukima's Dance        Hex            32%        N/A       3%          3
f - Starburst             Conj/Fire      36%        6d11      3%          6
g - Apportation           Tloc           40%        N/A       2%          1

Your spell library contained the following spells:

 Spells                   Type           Power      Damage    Failure   Level
 Kiss of Death            Conj/Necr      100%       2d13      1%          1
 Magic Dart               Conj           100%       1d8       1%          1
 Dazzling Flash           Conj/Hex       100%       N/A       1%          3
 Hailstorm                Conj/Ice       52%        3d12      1%          3
 Iskenderun's Battlesphe  Conj           72%        2d12      1%          5
 Beastly Appendage        Tmut           40%        N/A       2%          1
 Freeze                   Ice            80%        1d9       2%          1
 Necrotise                Necr           80%        1d8       2%          1
 Summon Small Mammal      Summ           80%        N/A       2%          1
 Ensorcelled Hibernation  Hex/Ice        52%        N/A       2%          2
 Iskenderun's Mystic Bla  Conj/Tloc      52%        2d11      2%          4
 Call Imp                 Summ           20%        N/A       3%          2
 Wereblood                Tmut           20%        N/A       3%          2
 Confusing Touch          Hex            32%        N/A       3%          3
 Portal Projectile        Hex/Tloc       52%        N/A       4%          3
 Frozen Ramparts          Ice            40%        1d7       7%          3
 Spider Form              Tmut/Pois      20%        N/A       7%          3
 Anguish                  Hex/Necr       13%        N/A       16%         4
 Dispel Undead            Necr           20%        3d11      24%         4
 Conjure Ball Lightning   Conj/Air       26%        3x3d7     36%         6
 Blade Hands              Tmut           10%        N/A       54%         5


Dungeon Overview and Level Annotations

Branches:
Dungeon (10/15)            Temple (0/1) D:4            Lair (0/5) D:8
    Orc: D:9-12

Altars:
Cheibriados
Fedhas
Kikubaaqudgha
Makhleb
Qazlal
Sif Muna
Uskayaw
Wu Jian
Yredelemnul

Shops:
D:4 *


Message History

You closely miss something. Something hits you but does no damage.
Something bites you but does no damage.
You barely miss something. Something hits you. Something bites you.
Something draws strength from your injuries!
You take 10 damage, and have 31/90 hp.
You barely miss something.
Your transformation is almost over.
Something hits you but does no damage. You block something's attack.
You hit something. Something completely misses you.
Something bites you but does no damage.
You hit something but do no damage. Something completely misses you.
Something bites you but does no damage.
You barely miss something. Something hits you!
* * * LOW HITPOINT WARNING * * *
Something bites you.
* * * LOW HITPOINT WARNING * * *
Something draws strength from your injuries!
You take 10 damage, and have 22/90 hp.
You can't see any enemies this would affect, really read the scroll of fear?
As you read the scroll of fear, it crumbles to dust.
You assume a fearsome visage.
Nothing appears to happen.
Something hits you but does no damage. Something bites you but does no damage.
You hit something. Something hits you but does no damage. Something bites you.
* * * LOW HITPOINT WARNING * * *
Something draws strength from your injuries!
You take 1 damage, and have 21/90 hp.
You closely miss something. You punch something. Something hits you.
* * * LOW HITPOINT WARNING * * *
Something bites you but does no damage.
You hit something but do no damage. Something hits you but does no damage.
Something bites you but does no damage.
You hit something but do no damage.
You feel less wooden.
Your +1 cloak unmelds from your body.
Your +0 helmet unmelds from your body.
Your +0 pair of gloves unmelds from your body.
Your +0 steam dragon scales unmelds from your body.
Something hits you!
* * * LOW HITPOINT WARNING * * *
Something bites you.
You die...

####...# #.##.
..######......#
#.##.
#.........##..#
#.##.
..##.......##
#.##.
####.###..######
#.........# ##
#.#######.### ..
#).>..#.##...
....))###@{{...#
....). #.#.##.#
##### #.# # ..#
###


There were no monsters in sight!

Vanquished Creatures
  Harold (D:10)
  An elephant (D:8)
  4 centaur zombies (D:10)
  Joseph (D:9)
  An unseen horror zombie (D:10)
  3 trolls
  Grinder (D:5)
  Prince Ribbit (D:6)
  A meliai zombie (D:10)
  A vampire (D:10)
  Sigmund (D:2)
  3 shadows (D:10)
  7 wraiths
  5 yaks
  4 steam dragons (D:6)
  An acid dragon (D:9)
  Duvessa (D:4)
  3 water moccasins
  4 black bears
  3 orc warriors
  A sky beast (D:7)
  2 ogres
  4 centaurs
  A kobold brigand (D:8)
  A gnoll sergeant (D:10)
  2 scorpions
  4 wights (D:8)
  Dowan (D:4)
  5 killer bees (D:8)
  2 howler monkeys
  2 jellies
  4 hounds
  4 orc priests
  A gnoll bouda (D:8)
  An iguana (D:5)
  Ijyb (D:5)
  11 orc wizards
  Robin (D:2)
  6 adders
  15 gnolls
  2 shadow imps (D:7)
  2 white imps
  An ufetubus (D:5)
  A worm (D:3)
  3 dart slugs
  35 orcs
  7 ball pythons
  2 endoplasms (D:1)
  5 giant cockroaches
  12 goblins
  17 hobgoblins
  7 jackals
  10 kobolds
  5 quokkas
  3 bats
  6 frilled lizards
  6 rats
240 creatures vanquished.

Vanquished Creatures (others)
  An orc wizard (D:8)
  2 fungi (D:8)
  2 plants (D:8)
5 creatures vanquished.

Grand Total: 245 creatures vanquished

Notes
Turn   | Place    | Note
-------+----------+-------------------------------------------
     0 | D:1      | jasper the Deep Elf Cinder Acolyte began the quest for the
                  | Orb.
     0 | D:1      | Reached XP level 1. HP: 13/13 MP: 5/5
    82 | D:1      | Reached skill level 2 in Spellcasting
   173 | D:1      | Found a faded altar of an unknown god.
   227 | D:1      | Reached XP level 2. HP: 16/18 MP: 7/7
   320 | D:1      | Reached skill level 1 in Dodging
   523 | D:1      | Learned a level 2 spell: Scorch
  1115 | D:2      | Noticed Sigmund
  1133 | D:2      | Killed Sigmund
  1134 | D:2      | Reached skill level 5 in Spellcasting
  1134 | D:2      | Reached XP level 3. HP: 12/23 MP: 0/11
  1134 | D:2      | Reached XP level 4. HP: 14/28 MP: 0/13
  1134 | D:2      | Reached XP level 5. HP: 16/32 MP: 0/14
  1562 | D:2      | Noticed Robin
  1568 | D:2      | Killed Robin
  1743 | D:2      | Learned a level 5 spell: Fireball
  2240 | D:3      | Found a blossoming altar of Fedhas.
  2295 | D:3      | Found a burning altar of Makhleb.
  2330 | D:3      | Found a snail-covered altar of Cheibriados.
  2416 | D:3      | Found a stormy altar of Qazlal.
  3013 | D:4      | Reached skill level 1 in Conjurations
  3013 | D:4      | Reached XP level 6. HP: 24/37 MP: 4/16
  3150 | D:4      | Found Qibam's Assorted Antiques.
  3155 | D:4      | Bought a ruby potion for 22 gold pieces
  3155 | D:4      | Bought a white potion for 22 gold pieces
  3155 | D:4      | Bought a silvery potion for 22 gold pieces
  3175 | D:4      | Reached skill level 6 in Spellcasting
  3321 | D:4      | Noticed Duvessa
  3327 | D:4      | Noticed Dowan
  3332 | D:4      | Killed Duvessa
  3336 | D:4      | Killed Dowan
  3337 | D:4      | Reached XP level 7. HP: 27/41 MP: 1/18
  3645 | D:4      | Identified the +1 mace of Yngiom {flame, rPois Str+3}
  3943 | D:4      | Found a shimmering blue altar of Sif Muna.
  4061 | D:4      | Found an ornate altar of the Wu Jian Council.
  4063 | D:4      | Found an ancient bone altar of Kikubaaqudgha.
  4066 | D:4      | Found a staircase to the Ecumenical Temple.
  4477 | D:5      | Entered Level 5 of the Dungeon
  4590 | D:5      | Reached skill level 7 in Spellcasting
  4653 | D:5      | Reached skill level 5 in Fire Magic
  4670 | D:5      | Learned a level 3 spell: Mephitic Cloud
  4811 | D:5      | Noticed Grinder
  4815 | D:5      | Paralysed by Grinder for 2 turns
  4836 | D:5      | Killed Grinder
  4837 | D:5      | Reached skill level 8 in Spellcasting
  4837 | D:5      | Reached XP level 8. HP: 32/46 MP: 2/22
  4966 | D:5      | Learned a level 7 spell: Orb of Destruction
  4970 | D:5      | Learned a level 3 spell: Tukima's Dance
  4979 | D:5      | Noticed Ijyb
  4988 | D:5      | Killed Ijyb
  5382 | D:5      | Reached skill level 1 in Hexes
  5849 | D:5      | Reached skill level 5 in Conjurations
  5956 | D:6      | Noticed Prince Ribbit
  5961 | D:6      | Killed Prince Ribbit
  5962 | D:6      | Reached skill level 9 in Spellcasting
  6229 | D:6      | Reached XP level 9. HP: 51/51 MP: 17/24
  6543 | D:6      | Noticed a troll
  6547 | D:6      | Killed a troll
  6674 | D:6      | Reached skill level 10 in Spellcasting
  7330 | D:7      | Noticed a +0 dagger
  7331 | D:7      | Noticed a +0 short sword
  7332 | D:7      | Noticed a +0 spear
  7332 | D:7      | Noticed a +0 dagger
  7332 | D:7      | Noticed a +0 short sword
  7333 | D:7      | Noticed a +0 falchion
  7333 | D:7      | Noticed a +0 spear
  7333 | D:7      | Noticed a +0 falchion
  7533 | D:7      | Learned a level 6 spell: Starburst
  7551 | D:7      | Found a hide-covered altar of Uskayaw.
  8366 | D:9      | Reached skill level 11 in Spellcasting
  8427 | D:9      | Noticed Joseph
  8438 | D:9      | Killed Joseph
  8439 | D:9      | Reached XP level 10. HP: 13/56 MP: 2/27
  9191 | D:8      | Noticed an elephant
  9192 | D:8      | Reached skill level 12 in Spellcasting
  9219 | D:8      | Killed an elephant
  9456 | D:8      | Found a staircase to the Lair.
  9569 | D:8      | Learned a level 1 spell: Apportation
 10130 | D:9      | Reached skill level 10 in Fire Magic
 10498 | D:10     | Entered Level 10 of the Dungeon
 10879 | D:10     | Reached skill level 13 in Spellcasting
 10879 | D:10     | Reached skill level 10 in Conjurations
 10906 | D:10     | Reached XP level 11. HP: 15/60 MP: 5/30
 11149 | D:10     | Found a basalt altar of Yredelemnul.
 11227 | D:10     | Noticed Harold
 11234 | D:10     | Killed Harold
 11257 | D:10     | HP: 4/90 [something (30)]
 11813 | D:10     | Slain by a vampire

Illustrated notes

Levels and vault maps discovered:
D:1:      ebering_hopf_link, layout_basic, ebering_ecumenical_altar_sacrificial
D:2:      layout_basic, minmay_crystal_room, uniq_robin, uniq_sigmund
D:3:      layout_loops_ring, nicolae_overflow_quartered_altars
D:4:      layout_cave_pods, nicolae_sif_muna_condensation,
          nicolae_overflow_hidden_temple, minmay_temple_entry_grid,
          serial_shops, shop_statue, uniq_duvessa
D:5:      layout_basic, nicolae_ossuary_entry_monument, grunt_ministairs_10,
          nicolae_goblin_pals, uniq_grinder
D:6:      layout_loops_ring, uniq_prince_ribbit1
D:7:      layout_rooms, nicolae_uskayaw_en_pointe
D:8:      layout_basic, david_lair_generic
D:9:      layout_cave_pools, hex_medium, uniq_joseph
D:10:     layout_loops_ring, kennysheep_ying_yang, serial_undead,
          serial_undead_d, serial_undead_a, serial_undead_b, serial_undead_a,
          minmay_misc_feat_doors, uniq_harold

Skill      XL: |  1  2  3  4  5  6  7  8  9 10 11 |
---------------+----------------------------------+-----
Spellcasting   | 2 5 6 8 9 11 13 | 13.8
Dodging        | 2 3 |  3.1
Fighting       | 3 |  3.3
Conjurations   | 1 2 4 6 8 10 | 10.8
Fire Magic     | 4 5 7 8 10 11 | 11.3
Hexes          | 2 |  2.0
Polearms       | |  2.1

Action                     |  1- 3 |  4- 6 |  7- 9 | 10-12 || total
---------------------------+-------+-------+-------+-------++-------
  Melee: Spear             |    41 |       |       |       ||    41
         Short sword       |     4 |     3 |     3 |       ||    10
         Dagger            |       |    21 |    35 |    77 ||   133
         Punch             |       |     2 |       |     3 ||     5
         Unarmed           |       |       |       |    38 ||    38
   Cast: Scorch            |    10 |    69 |   137 |    31 ||   247
         Mephitic Cloud    |       |       |     1 |       ||     1
         Fireball          |       |       |    21 |    55 ||    76
         Starburst         |       |       |       |     8 ||     8
 Invoke: Fiery Armour      |     1 |     2 |     4 |     4 ||    11
         Rising Flame      |       |       |       |     1 ||     1
  Evoke: Wand              |       |       |     1 |     3 ||     4
    Use: Scroll            |     2 |     7 |     5 |     5 ||    19
         Potion            |       |       |     1 |    10 ||    11
   Stab: Sleeping          |     1 |       |       |       ||     1
 Armour: Robe              |     3 |     9 |    13 |       ||    25
         Steam dragon scal |       |       |     8 |    53 ||    61
         Skin              |       |       |       |    56 ||    56
  Dodge: Dodged            |    11 |    34 |    73 |   100 ||   218
  Block: Other             |       |       |    13 |    35 ||    48
         Reflection        |       |       |     2 |     2 ||     4

Table legend: (Time is in decaauts)
 A = Elapsed time spent in this place.
 B = Non-inter-level travel time spent in this place.
 C = Inter-level travel time spent in this place.
 D = Time resting spent in this place.
 E = Time spent auto-exploring this place.
 F = Levels seen in this place.
 G = Mean time per level.
                   A        B        C        D        E       F      G
               +--------+--------+--------+--------+--------+-----+--------+
         Total |  11822 |  11479 |    343 |   1163 |   8845 |  10 | 1182.2 |
       Dungeon |  11822 |  11479 |    343 |   1163 |   8845 |  10 | 1182.2 |
               +--------+--------+--------+--------+--------+-----+--------+

Top non-repeatable levels by time:
     D:8: 1799 daAuts
     D:4: 1473 daAuts
     D:5: 1399 daAuts
    D:10: 1329 daAuts
     D:1: 1072 daAuts
     D:7: 1037 daAuts
     D:6: 1019 daAuts
     D:2: 975 daAuts
     D:3: 950 daAuts
     D:9: 764 daAuts
